 Dungeon Crawl Stone Soup version 0.24-a0-581-gc0fa6600bf (webtiles) character file.

Game seed: 711436544175543182

1780 LabCoat the Cleaver (level 9, -21/75 HPs)
             Began as a Hill Orc Fighter on Aug 24, 2019.
             Was an Initiate of Trog.
             Killed from afar by a bullfrog (22 damage)
             ... with an exploding inner flame
             ... hexed by the player character
             ... on level 7 of the Dungeon.
             The game lasted 00:24:33 (5128 turns).

LabCoat the Cleaver (Hill Orc Fighter)              Turns: 5128, Time: 00:24:34

Health: -21/75     AC:  9    Str: 22    XL:     9   Next: 8%
Magic:  9/9        EV: 21    Int:  8    God:    Trog [......]
Gold:   297        SH: 10    Dex: 10    Spells: 8/8 levels left

rFire    . . .     SeeInvis .   a - +0 war axe
rCold    . . .     Gourm    .   c - +0 shield
rNeg     . . .     Faith    .   n - +0 chain mail
rPois    .         Spirit   .   (no helmet)
rElec    .         Reflect  .   (no cloak)
rCorr    .         Harm     .   (no gloves)
MR       .....                  t - +0 pair of boots
Stlth    ..........             k - amulet of Taolag {Acrobat +Fly}
HPRegen  0.22/turn              (no ring)
MPRegen  0.11/turn              (no ring)

@: acrobat
A: yellow scales 1, deformed body, no potion heal 1, MP-powered wands
a: Renounce Religion, Evoke Flight


You were on level 7 of the Dungeon.
You worshipped Trog.
Trog was noncommittal.
You were not hungry.

You visited 2 branches of the dungeon, and saw 8 of its levels.

You collected 297 gold pieces.

Inventory:

Hand Weapons
 a - a +0 war axe (weapon)
 m - a +0 flail
Missiles
 o - 24 poisoned darts (quivered)
 p - 6 javelins
Armour
 c - a +0 shield (worn)
 n - a +0 chain mail (worn)
 t - a +0 pair of boots (worn)
Jewellery
 k - the amulet of Taolag (around neck) {Acrobat +Fly}
   (You found it on level 1 of the Dungeon)

   [amulet of the acrobat]

   It helps you evade while moving and waiting.
   It lets you fly.
Wands
 g - a wand of flame (15)
Scrolls
 b - a scroll of remove curse
Potions
 d - a potion of might
 i - a potion of flight
 j - a potion of ambrosia
Comestibles
 f - 5 rations
 h - 3 chunks of flesh


   Skills:
 + Level 5.8 Fighting
 * Level 11.2 Axes
 + Level 1.8 Throwing
 + Level 6.1 Armour
 + Level 5.2 Shields
 + Level 0.1 Evocations


You had 8 spell levels left.
You didn't know any spells.
Your spell library was empty.

Dungeon Overview and Level Annotations

Branches:
Dungeon (7/15)             Temple (1/1) D:4

Altars:
Ashenzari
Cheibriados
Dithmenos
Elyvilon
Fedhas
Gozag
Hepliaklqana
Kikubaaqudgha
Makhleb
Nemelex Xobeh
Qazlal
Ru
Sif Muna
Trog
Uskayaw
Vehumet
Wu Jian
Yredelemnul
Zin
The Shining One

Annotations:
D:3 3 runed translucent doors, Eightlegvermin's ghost, amateur KoAM


Innate Abilities, Weirdness & Mutations

You are partially covered in yellow scales. (AC +2)
Armour fits poorly on your strangely shaped body.
Potions are less effective at restoring your health.
You expend magic power (3 MP) to strengthen your wands.


Message History

You slash the bullfrog!
The bullfrog explodes!
The fiery explosion engulfs Pikel!!
Pikel explodes!
The fiery explosion engulfs you!!
* * * LOW HITPOINT WARNING * * *
The fiery explosion engulfs the howler monkey!!
You kill the howler monkey!
Trog accepts your kill.
The fiery explosion engulfs the slave!!
The slave explodes!
Trog accepts your kill.
Your Axes skill increases to level 11!
Your Armour skill increases to level 6!
Your Shields skill increases to level 5!
You have reached level 9!
Your experience leads to an increase in your attributes!
Increase (S)trength, (I)ntelligence, or (D)exterity?
You feel stronger. The fiery explosion engulfs you!!
You die...

***,,,,*,,,,** *,
*,,******** *,
*,,,,,,* **
**,,...#** *
*,....#,** *
**.....,,** * #####
##.......,* *
#...###........,****
#.§@§§.........,,,,,
##.§§§§..%.....,,,,,
##§§§.........,,,,,
######W........#,,,,,
#............#****,,,
#.......<..### **,,
#............# *,,,
#...#.###..### **,,
######* *### ***


You could see a hungry ghost (inner flame).

Vanquished Creatures
  Pikel (D:7)
  Grinder (D:5)
  Duvessa (D:5)
  2 sky beasts
  A slave (D:7)
  An ogre (D:5)
  3 big kobolds (D:3)
  Dowan (D:5)
  2 scorpions (D:4)
  3 killer bees (D:4)
  A howler monkey (D:7)
  An orc wizard (D:4)
  2 gnolls
  4 adders
  An ooze (D:2)
  4 worms (D:3)
  3 dart slugs
  4 leopard geckos
  3 orcs
  9 bats
  A giant cockroach (D:1)
  4 goblins
  12 hobgoblins
  10 jackals
  A quokka (D:3)
  4 ball pythons
  5 frilled lizards
  52 kobolds
  7 rats
144 creatures vanquished.

Vanquished Creatures (others)
  A goblin (D:3)
1 creature vanquished.

Grand Total: 145 creatures vanquished

Notes
Turn   | Place    | Note
-------+----------+-------------------------------------------
     0 | D:1      | LabCoat the Hill Orc Fighter began the quest for the Orb.
     0 | D:1      | Reached XP level 1. HP: 19/19 MP: 1/1
    33 | D:1      | Reached XP level 2. HP: 15/27 MP: 2/2
    36 | D:1      | Reached skill level 3 in Axes
   219 | D:1      | Reached XP level 3. HP: 32/33 MP: 3/3
   830 | D:1      | Got a twitching jade amulet
  1014 | D:2      | Reached skill level 4 in Axes
  1132 | D:2      | Found a white marble altar of Elyvilon.
  1132 | D:2      | Found an opulent altar of Gozag.
  1154 | D:2      | Reached XP level 4. HP: 28/40 MP: 4/4
  1649 | D:2      | Identified the amulet of Taolag {Acrobat +Fly} (You found
                  | it on level 1 of the Dungeon)
  1669 | D:2      | Found a blossoming altar of Fedhas.
  1687 | D:2      | Found an ancient bone altar of Kikubaaqudgha.
  2177 | D:3      | Found a runed translucent gate.
  2277 | D:3      | Reached skill level 5 in Axes
  2332 | D:3      | Reached XP level 5. HP: 46/46 MP: 5/5
  2364 | D:3      | Noticed a big kobold
  2373 | D:3      | Noticed a big kobold
  2378 | D:3      | Killed a big kobold
  2378 | D:3      | Reached skill level 6 in Axes
  2386 | D:3      | Killed a big kobold
  2386 | D:3      | Reached skill level 7 in Axes
  2386 | D:3      | Reached XP level 6. HP: 20/53 MP: 6/6
  2975 | D:3      | Noticed Eightlegvermin's ghost (amateur KoAM)
  2977 | D:3      | Found a runed translucent gate.
  2977 | D:3      | Found a runed translucent gate.
  3578 | D:4      | Reached XP level 7. HP: 60/60 MP: 7/7
  3608 | D:4      | Reached skill level 8 in Axes
  3968 | D:4      | Found a sparkling altar of Nemelex Xobeh.
  4001 | D:4      | Reached skill level 9 in Axes
  4257 | D:4      | Found a staircase to the Ecumenical Temple.
  4279 | Temple   | Entered the Ecumenical Temple
  4287 | Temple   | Became a worshipper of Trog the Wrathful
  4640 | D:5      | Entered Level 5 of the Dungeon
  4659 | D:5      | Noticed Grinder
  4674 | D:5      | Reached skill level 1 in Throwing
  4674 | D:5      | Reached XP level 8. HP: 25/67 MP: 8/8
  4679 | D:5      | Paralysed by Grinder for 2 turns
  4685 | D:5      | Killed Grinder
  4685 | D:5      | Reached skill level 5 in Fighting
  4685 | D:5      | Reached skill level 5 in Armour
  4929 | D:5      | Noticed Duvessa
  4931 | D:5      | Noticed Dowan
  4941 | D:5      | Killed Duvessa
  4941 | D:5      | Reached skill level 10 in Axes
  4942 | D:5      | Gained mutation: Potions are less effective at restoring
                  | your health. [potion of mutation]
  4942 | D:5      | Gained mutation: You expend magic power (3 MP) to
                  | strengthen your wands. [potion of mutation]
  4942 | D:5      | Gained mutation: Armour fits poorly on your strangely
                  | shaped body. [potion of mutation]
  4942 | D:5      | Gained mutation: You are partially covered in yellow
                  | scales. (AC +2) [potion of mutation]
  4952 | D:5      | Killed Dowan
  5107 | D:5      | You fall into a shaft and drop 1 floor!
  5107 | D:6      | Noticed Pikel
  5128 | D:7      | Killed Pikel
  5128 | D:7      | HP: 1/68 [Pikel/exploding inner flame[the player character]
                  | (23)]
  5128 | D:7      | Reached skill level 11 in Axes
  5128 | D:7      | Reached skill level 5 in Shields
  5128 | D:7      | Reached XP level 9. HP: 1/75 MP: 9/9
  5128 | D:7      | Killed from afar by a bullfrog

Levels and vault maps discovered:
D:1:      shiori_arrival_oz, layout_basic, minivault_5, minmay_strange_pillars
D:2:      layout_loops_ring, fedhas_altar_1, gammafunk_temple_overflow_pools,
          overflow_temple_1_default, first_ration
D:3:      minmay_goblin_kobold_castle, layout_basic, gammafunk_ghost_split,
          lemuel_another_geyser
D:4:      layout_rooms, minmay_temple_entry_nine_rooms, minmay_misc_feat_room,
          corexii_hall_statues_x, moated_statue, grunt_decor_fettered,
          nemelex_diamond_rough_becter
D:5:      layout_loops_ring, uniq_grinder, uniq_sigmund, uniq_duvessa
D:6:      layout_cave_pools, kennysheep_okawaru_gauntlet, uniq_pikel,
          uniq_edmund
D:7:      layout_cave_pools, uniq_crazy_yiuf_cottage
Temple:   lightli_temple_of_artemis

Skill      XL: |  1  2  3  4  5  6  7  8 |
---------------+-------------------------+-----
Axes           | 3 4 5 7 9 11 | 11.2
Fighting       | 4 5 |  5.8
Shields        | 4 5 |  5.2
Armour         | 4 6 |  6.1
Throwing       | 1 |  1.8
Evocations     | |  0.1

Action                   |  1- 3 |  4- 6 |  7- 9 || total
-------------------------+-------+-------+-------++-------
Melee: War axe           |   110 |   231 |   117 ||   458
Throw: Dart              |       |    16 |    23 ||    39
 Abil: Evoke Flight      |       |     1 |       ||     1
  Use: Scroll            |       |     3 |     3 ||     6
       Potion            |       |     1 |    10 ||    11
 Stab: Invisible         |       |       |     1 ||     1
  Eat: Chunk             |     1 |     7 |     1 ||     9
       Ration            |       |     1 |     1 ||     2
Armor: Scale mail        |    36 |       |       ||    36
       Chain mail        |    16 |   137 |    84 ||   237
Dodge: Dodged            |    29 |    92 |    34 ||   155
Block: Shield            |    60 |   130 |    71 ||   261

Table legend:
 A = Non-vault XP
 B = Vault XP
 C = Vault XP percentage of total XP
 D = Non-vault monster count
 E = Vault monster count
 F = Vault count percentage of total count
                 A         B        C        D         E       F
            +---------+---------+-------+---------+---------+-------
      Total |    1000 |    1544 |  60.7 |      87 |      56 |  39.2
            +---------+---------+-------+---------+---------+-------
        D:1 |      57 |       1 |   1.7 |      24 |       1 |   4.0
        D:2 |      82 |       0 |   0.0 |      23 |       0 |   0.0
        D:3 |      49 |     376 |  88.5 |      22 |      51 |  69.9
        D:4 |     508 |       0 |   0.0 |      15 |       0 |   0.0
        D:5 |     250 |     516 |  67.4 |       2 |       3 |  60.0
        D:7 |      54 |     651 |  92.3 |       1 |       1 |  50.0
            +---------+---------+-------+---------+---------+-------
